 Dungeon Crawl Stone Soup version 0.31-a0-210-gccc998df9b (webtiles) character file.

Game seed: 9506445562090417821

16970 qw the Cleaver (level 12, -2/77 HPs)
             Began as a Gargoyle Fighter on June 30, 2023.
             Was an Elder of Okawaru.
             Slain by a skyshark (5 damage)
             ... on level 2 of the Lair of Beasts.
             The game lasted 00:05:26 (11750 turns).

qw the Cleaver (Gargoyle Fighter)                  Turns: 11750, Time: 00:05:26

Health: -2/77      AC: 29    Str: 24 (25) XL:     12   Next: 43%
Magic:  17/17      EV:  9    Int: 12      God:    Okawaru [****..]
Gold:   400        SH:  9    Dex:  9      Spells: 11/11 levels left

rFire   . . .        b - +1 war axe (spect)
rCold   . . .        a - +3 warlock's mirror {omnireflect}
rNeg    + + .        c - +1 plate armour
rPois   inf          r - +0 helmet {Int+3}
rElec   +            l - +0 cloak
rCorr   .            (no gloves)
SInv    +            (no boots)
Will    .....        (no amulet) Stlth
                     q - ring of see invisible
HPRegen 0.32/turn    t - ring of positive energy
MPRegen 0.15/turn

%: reflection
@: heroic
A: sickness immunity, AC +8, negative energy resistance 1, electricity
resistance, torment resistance 1, petrification resistance
a: Renounce Religion, Heroism, Finesse


You were on level 2 of the Lair of Beasts.
You worshipped Okawaru.
Okawaru was greatly pleased with you.
You visited 3 branches of the dungeon, and saw 13 of its levels.

You collected 700 gold pieces.
You spent 300 gold pieces at shops.


Innate Abilities, Weirdness & Mutations

You are immune to sickness and miasma.
Your stone body is resilient. (AC +8)
You are immune to poison.
You resist negative energy. (rN+)
You are resistant to electric shocks. (rElec)
You are resistant to unholy torment.
You are immune to petrification.


   Skills:
 - Level 10.0(15.0) Fighting
 + Level 12.6(17.6) Axes
 - Level 1.8(6.8) Throwing
 - Level 9.0(14.0) Armour
 - Level 2.2(7.2) Dodging
 - Level 6.3(11.3) Shields
 + Level 7.6 Invocations


You had 11 spell levels left.
You didn't know any spells.
Your spell library was empty.

Inventory:

Hand Weapons
 b - a +1 spectral war axe (weapon)
 o - a +3 morningstar
 u - a +1 demon whip of venom
Missiles
 w - 3 boomerangs (quivered)
Armour
 a - the +3 warlock's mirror (worn) {omnireflect}
   (You acquired it on level 5 of the Dungeon)

   Omnireflect: It can block and reflect piercing ranged attacks and magical
   attacks against the wielder's willpower.
 c - a +1 plate armour (worn)
 l - a +0 cloak (worn)
 r - a +0 helmet of intelligence (worn)
 z - the +0 plate armour of Lirgh {rF++ Will+ Dex+3 Stlth-}
   (You found it on level 2 of the Lair of Beasts)

   Dex:       It affects your dexterity (+3).
   rF:        It greatly protects you from fire.
   Will:      It increases your willpower.
   Stlth:     It makes you less stealthy.
Jewellery
 j - an amulet of guardian spirit
 m - a ring of fire
 q - a ring of see invisible (left hand)
 t - a ring of positive energy (right hand)
Wands
 s - a wand of digging (6)
Scrolls
 p - 2 scrolls of identify
 B - a scroll of silence {unknown}
Potions
 d - 2 potions of might
 e - 3 potions of cancellation
 f - a potion of curing
 g - a potion of haste
 i - 2 potions of lignification
 k - 2 potions of magic
 n - 4 potions of attraction
 x - a potion of enlightenment
 A - a potion of mutation {unknown}

Dungeon Overview and Level Annotations

Branches:
Dungeon (10/15)            Temple (1/1) D:4            Lair (2/5) D:10
 Spider (0/4) Lair:2
  Swamp: Lair:2-3    Shoals: Lair:2-3       Orc: D:9-12

Altars:
Ashenzari
Cheibriados
Dithmenos
Elyvilon
Fedhas
Gozag
Hepliaklqana
Kikubaaqudgha
Makhleb
Nemelex Xobeh
Okawaru
Qazlal
Ru
Sif Muna
Trog
Uskayaw
Vehumet
Wu Jian
Xom
Yredelemnul
Zin
The Shining One

Shops:
D:7 =

Annotations:
D:3 3 runed translucent doors, qw's ghost, weakling DEHu
D:6 1 runed translucent door, Crazy Yiuf


Message History

The elephant tramples you.
You hold your ground!
You block the elephant's attack.
You hit the elephant but do no damage.
The elephant is moderately wounded.
You hit the elephant.
The elephant is moderately wounded.
You block the elephant's attack.
The elephant trunk-slaps you but does no damage.
You slash the elephant!
The elephant is heavily wounded.
You block the elephant's attack.
The elephant trunk-slaps you but does no damage.
You slash the elephant!
The elephant is heavily wounded.
You hit the skyshark.
The skyshark is lightly wounded.
You block the skyshark's attack. The skyshark tail-slaps you!
The skyshark closely misses you.
You slash the skyshark!
The skyshark is lightly wounded.
You slash the skyshark!
The skyshark is moderately wounded.
The skyshark bites you. You block the skyshark's attack.
The skyshark barely misses you.
The wyvern hisses menacingly.
You slash the skyshark!
The skyshark is heavily wounded.
The skyshark bites you but does no damage.
You block the skyshark's attack. x2
You slash the skyshark!
The skyshark is heavily wounded.
The skyshark closely misses you. You block the skyshark's attack.
The skyshark tail-slaps you.
You slash the skyshark!
The skyshark is severely wounded.
You hit the skyshark but do no damage.
The skyshark is severely wounded.
The skyshark bites you but does no damage.
The skyshark tail-slaps you.
You die...

.~.. 7... # ## 7... ## ##
.. #.#### #..###.# ###.
....#..#.#####...#..# #...
Y.Y.....#.#P.#......####..
#lY............##..#
##l##..........##..#
##@..#........#P.##
#####...........#
#...........#
#..#P.....### ####..#.##.#
#######.# ###


You could see a skyshark, an elephant and a wyvern.

Vanquished Creatures
  A two-headed ogre (D:10)
  Amaemon (D:8)
  Pikel (D:8)
  An oklob plant (D:7)
  Maurice (D:8)
  4 elephants (Lair:2)
  Joseph (D:7)
  A black mamba (Lair:1)
  3 cane toads (Lair:1)
  An orange demon (D:8)
  A kobold demonologist (D:10)
  3 rime drakes
  6 komodo dragons
  Prince Ribbit (D:9)
  2 hornets
  A polar bear (Lair:1)
  8 blink frogs (Lair:1)
  Grinder (D:4)
  Sigmund (D:4)
  A vampire (D:10)
  2 wyverns
  10 yaks
  A steam dragon (D:10)
  2 water moccasins
  4 orc warriors
  2 ogres
  A centaur (D:9)
  4 lemures (D:8)
  Blork the orc (D:6)
  7 bullfrogs
  2 kobold brigands
  A gnoll sergeant (D:6)
  5 scorpions
  8 wights
  17 killer bees
  3 howler monkeys (D:7)
  6 jellies
  4 hounds
  6 orc priests
  A sleepcap (D:6)
  4 iguanas
  10 orc wizards
  7 hell rats (Lair:2)
  9 gnolls
  A river rat (D:6)
  8 adders
  A shadow imp (D:7)
  13 white imps
  3 ufetubi
  7 worms
  2 dart slugs (D:1)
  34 orcs
  21 endoplasms
  4 giant cockroaches
  6 goblins
  7 hobgoblins
  2 jackals (D:1)
  4 quokkas
  5 ball pythons
  7 bats
  7 frilled lizards
  12 kobolds
  7 rats
308 creatures vanquished.

Notes
Turn   | Place    | Note
-------+----------+-------------------------------------------
     0 | D:1      | qw the Gargoyle Fighter began the quest for the Orb.
     0 | D:1      | Reached XP level 1. HP: 14/14 MP: 1/1
     0 | D:1      | 0 ||| qw: Version: 0.3-a-26-gee661ec
     0 | D:1      | 0 ||| qw: Game counter: 7159
     0 | D:1      | 0 ||| qw: Melee chars always use a shield: true
     0 | D:1      | 0 ||| qw: God list: Okawaru
     0 | D:1      | 0 ||| qw: Allow faded altars: false
     0 | D:1      | 0 ||| qw: Do Orc after clearing Dungeon:15 true
     0 | D:1      | 0 ||| qw: Do second Lair branch before Depths: true
     0 | D:1      | 0 ||| qw: Lair rune preference: random
     0 | D:1      | 0 ||| qw: Goals: Normal, Zot:1-4, Slime:5, God:TSO, Crypt,
                  | Tomb, Abyss, Pan, Hells, Win
     0 | D:1      | 0 ||| PLANNING D:1-11
    40 | D:1      | HP: 2/14 [frozen (4)]
   105 | D:1      | Reached skill level 2 in Axes
   181 | D:1      | Reached XP level 2. HP: 19/19 MP: 2/2
   184 | D:1      | Found a faded altar of an unknown god.
   302 | D:1      | 302 ||| DROPPING +0 club.
   310 | D:1      | 310 ||| Stepping ~*~*~tactically~*~*~ (stealth).
   344 | D:1      | 344 ||| Stepping ~*~*~tactically~*~*~ (stealth).
   404 | D:1      | Reached skill level 3 in Axes
   408 | D:1      | Reached XP level 3. HP: 23/23 MP: 3/3
   490 | D:1      | 490 ||| Stepping ~*~*~tactically~*~*~ (stealth).
   492 | D:1      | 492 ||| Stepping ~*~*~tactically~*~*~ (stealth).
   502 | D:1      | 502 ||| Stepping ~*~*~tactically~*~*~ (stealth).
   505 | D:1      | 505 ||| Stepping ~*~*~tactically~*~*~ (stealth).
   629 | D:1      | 629 ||| DROPPING scarf of shadows.
   630 | D:1      | 630 ||| UPGRADING to amulet of guardian spirit.
   635 | D:1      | 635 ||| READING 2 scrolls labelled LYUTITU JANWUW.
   636 | D:1      | 636 ||| READING scroll labelled HOODEGHIOL.
   649 | D:1      | 649 ||| READING scroll labelled PYTZYOMEST.
   650 | D:1      | 650 ||| READING scroll labelled YNEMAZ ONTEME.
   651 | D:1      | 651 ||| DRINKING 2 cyan potions.
   680 | D:1      | 680 ||| DRINKING 2 amethyst potions.
   681 | D:1      | 681 ||| DROPPING scroll of amnesia.
   682 | D:1      | 682 ||| DROPPING potion of brilliance.
   745 | D:2      | Reached skill level 1 in Throwing
   842 | D:2      | Reached XP level 4. HP: 22/28 MP: 2/4
   846 | D:2      | 846 ||| FLEEEEING.
  1083 | D:2      | 1083 ||| Stepping ~*~*~tactically~*~*~ (stealth).
  1178 | D:2      | 1178 ||| Stepping ~*~*~tactically~*~*~ (stealth).
  1598 | D:2      | 1598 ||| UPGRADING to +0 chain mail.
  1608 | D:2      | 1608 ||| DROPPING +0 scale mail.
  1609 | D:2      | 1609 ||| READING 2 scrolls labelled JEANIECV HOIL.
  1610 | D:2      | 1610 ||| DROPPING scroll of blinking.
  1624 | D:3      | 1624 ||| SWAPPING to +1 heavy war axe.
  1625 | D:3      | 1625 ||| DROPPING +0 war axe.
  1656 | D:3      | Reached skill level 4 in Axes
  1738 | D:3      | Found a runed translucent gate.
  1739 | D:3      | Found a runed translucent gate.
  1739 | D:3      | Found an opulent altar of Gozag.
  1740 | D:3      | Found a runed translucent gate.
  1744 | D:3      | Noticed qw's ghost (weakling DEHu)
  1745 | D:3      | Noticed a scorpion
  1756 | D:3      | 1756 ||| Stepping ~*~*~tactically~*~*~ (stealth).
  1776 | D:3      | Reached XP level 5. HP: 15/32 MP: 0/5
  1860 | D:3      | 1860 ||| DROPPING +0 whip.
  2232 | D:3      | 2232 ||| UPGRADING to ring of see invisible.
  2233 | D:3      | 2233 ||| READING scroll labelled UGEMOZ NAMOJAY.
  2234 | D:3      | 2234 ||| READING scroll labelled SUL GOJ VOTEDA.
  2235 | D:3      | 2235 ||| READING 2 scrolls labelled GOSIMM QEMNY.
  2236 | D:3      | 2236 ||| READING scroll labelled PAOMIR YG DUP.
  2237 | D:3      | 2237 ||| READING 2 scrolls of identify.
  2237 | D:3      | 2237 ||| IDENTIFYING black potion
  2238 | D:3      | 2238 ||| DROPPING scroll of noise.
  2404 | D:4      | Reached skill level 5 in Axes
  2444 | D:4      | Noticed Sigmund
  2451 | D:4      | Killed Sigmund
  2452 | D:4      | Reached XP level 6. HP: 40/40 MP: 6/6
  2481 | D:4      | Noticed Grinder
  2486 | D:4      | Killed Grinder
  2487 | D:4      | Reached skill level 6 in Axes
  2487 | D:4      | Reached XP level 7. HP: 40/44 MP: 5/7
  2573 | D:4      | Found a staircase to the Ecumenical Temple.
  2574 | D:4      | 2574 ||| PLANNING TEMPLE
  2574 | D:4      | 2574 ||| Stepping ~*~*~tactically~*~*~ (hiding).
  2575 | D:4      | 2575 ||| Stepping ~*~*~tactically~*~*~ (hiding).
  2601 | D:4      | 2601 ||| READING 3 scrolls labelled JIOPOJ KUUBBUYNG.
  2602 | D:4      | 2602 ||| READING scroll labelled SAXAWE HUNAHUOL.
  2607 | D:4      | 2607 ||| READING 3 scrolls of identify.
  2607 | D:4      | 2607 ||| IDENTIFYING smoky white potion
  2608 | D:4      | 2608 ||| READING 2 scrolls of identify.
  2608 | D:4      | 2608 ||| IDENTIFYING fuming clear potion
  2609 | D:4      | 2609 ||| DROPPING 2 scrolls of immolation.
  2610 | D:4      | 2610 ||| Stepping randomly (stuck).
  2623 | Temple   | Entered the Ecumenical Temple
  2674 | Temple   | 2674 ||| PLANNING D:1-11
  2726 | D:4      | Reached skill level 1 in Dodging
  2878 | D:4      | 2878 ||| READING 2 scrolls of identify.
  2878 | D:4      | 2878 ||| IDENTIFYING bubbling ruby potion
  2881 | D:5      | Entered Level 5 of the Dungeon
  2891 | D:5      | 2891 ||| STAIRDANCE
  3135 | D:5      | Reached skill level 7 in Axes
  3150 | D:5      | Reached XP level 8. HP: 49/49 MP: 8/8
  3557 | D:5      | 3557 ||| UPGRADING to ring of positive energy.
  3558 | D:5      | 3558 ||| READING scroll labelled GIRARAB HEUWNA.
  3558 | D:5      | Identified a scroll of acquirement
  3558 | D:5      | 3558 ||| ACQUIRING +3 warlock's mirror {omnireflect}
  3558 | D:5      | Acquired the +3 warlock's mirror {omnireflect}
  3558 | D:5      | Found the +3 warlock's mirror {omnireflect}
  3560 | D:5      | 3560 ||| UPGRADING to +3 warlock's mirror {omnireflect}.
  3570 | D:5      | 3570 ||| DROPPING +0 buckler.
  3571 | D:5      | 3571 ||| READING scroll labelled SOSYRCH QYSOM.
  3619 | D:6      | 3619 ||| PLANNING SEWER
  3762 | D:6      | Noticed Blork the orc
  3771 | D:6      | Killed Blork the orc
  3772 | D:6      | Reached skill level 8 in Axes
  3820 | D:6      | 3820 ||| Stepping ~*~*~tactically~*~*~ (hiding).
  3821 | D:6      | 3821 ||| Stepping ~*~*~tactically~*~*~ (hiding).
  3983 | D:6      | Found a runed translucent door.
  3984 | D:6      | Noticed Crazy Yiuf
  4026 | D:6      | Found a blossoming altar of Fedhas.
  4026 | D:6      | Found a radiant altar of Vehumet.
  4028 | D:6      | Found a snail-covered altar of Cheibriados.
  4028 | D:6      | Found an ancient bone altar of Kikubaaqudgha.
  4031 | D:6      | Found a stormy altar of Qazlal.
  4031 | D:6      | Found an iron altar of Okawaru.
  4060 | D:6      | 4060 ||| Stepping ~*~*~tactically~*~*~ (hiding).
  4074 | D:6      | Reached skill level 6 in Fighting
  4211 | D:6      | 4211 ||| FLEEEEING.
  4212 | D:6      | 4212 ||| FLEEEEING.
  4213 | D:6      | 4213 ||| FLEEEEING.
  4214 | D:6      | 4214 ||| FLEEEEING.
  4215 | D:6      | 4215 ||| FLEEEEING.
  4216 | D:6      | 4216 ||| FLEEEEING.
  4217 | D:6      | 4217 ||| FLEEEEING.
  4218 | D:6      | 4218 ||| FLEEEEING.
  4219 | D:6      | 4219 ||| FLEEEEING.
  4220 | D:6      | 4220 ||| FLEEEEING.
  4221 | D:6      | 4221 ||| FLEEEEING.
  4222 | D:6      | 4222 ||| FLEEEEING.
  4223 | D:6      | 4223 ||| FLEEEEING.
  4224 | D:6      | 4224 ||| FLEEEEING.
  4225 | D:6      | 4225 ||| FLEEEEING.
  4226 | D:6      | 4226 ||| FLEEEEING.
  4227 | D:6      | 4227 ||| FLEEEEING.
  4228 | D:6      | 4228 ||| FLEEEEING.
  4229 | D:6      | 4229 ||| FLEEEEING.
  4230 | D:6      | 4230 ||| FLEEEEING.
  4231 | D:6      | 4231 ||| FLEEEEING.
  4232 | D:6      | 4232 ||| FLEEEEING.
  4233 | D:6      | 4233 ||| FLEEEEING.
  4234 | D:6      | 4234 ||| FLEEEEING.
  4235 | D:6      | 4235 ||| FLEEEEING.
  4236 | D:6      | 4236 ||| FLEEEEING.
  4237 | D:6      | 4237 ||| FLEEEEING.
  4238 | D:6      | 4238 ||| FLEEEEING.
  4239 | D:6      | 4239 ||| FLEEEEING.
  4240 | D:6      | 4240 ||| Stepping ~*~*~tactically~*~*~ (hiding).
  4241 | D:6      | 4241 ||| Stepping ~*~*~tactically~*~*~ (hiding).
  4278 | D:6      | 4278 ||| RIP SEWER
  4327 | D:6      | 4327 ||| PLANNING OKAWARU WORSHIP
  4331 | D:6      | 4331 ||| UPGRADING to +0 plate armour.
  4341 | D:6      | 4341 ||| DROPPING +0 chain mail.
  4342 | D:6      | 4342 ||| READING scroll of enchant armour.
  4342 | D:6      | 4342 ||| ENCHANTING +0 plate armour.
  4343 | D:6      | 4343 ||| READING scroll labelled ASOXITHROXTU.
  4357 | D:6      | Became a worshipper of Warmaster Okawaru
  4358 | D:6      | 4358 ||| PLANNING D:1-11
  4358 | D:6      | 4358 ||| REMOVING amulet of guardian spirit.
  4389 | D:6      | 4389 ||| Stepping ~*~*~tactically~*~*~ (water).
  4398 | D:6      | 4398 ||| Stepping ~*~*~tactically~*~*~ (water).
  4400 | D:6      | 4400 ||| Stepping ~*~*~tactically~*~*~ (water).
  4658 | D:6      | 4658 ||| Stepping ~*~*~tactically~*~*~ (hiding).
  4670 | D:6      | 4670 ||| Stepping ~*~*~tactically~*~*~ (stealth).
  4692 | D:6      | 4692 ||| Stepping ~*~*~tactically~*~*~ (stealth).
  4708 | D:6      | Reached XP level 9. HP: 44/55 MP: 9/9
  5153 | D:6      | 5153 ||| DRINKING 4 white potions.
  5281 | D:7      | 5281 ||| Stepping ~*~*~tactically~*~*~ (stealth).
  5286 | D:7      | Reached skill level 9 in Axes
  5302 | D:7      | 5302 ||| Stepping ~*~*~tactically~*~*~ (stealth).
  5651 | D:7      | 5651 ||| Stepping ~*~*~tactically~*~*~ (hiding).
  5820 | D:7      | Noticed Joseph
  5821 | D:7      | 5821 ||| Stepping ~*~*~tactically~*~*~ (hiding).
  5822 | D:7      | 5822 ||| Stepping ~*~*~tactically~*~*~ (hiding).
  5836 | D:7      | Killed Joseph
  5836 | D:7      | Reached * piety under Okawaru
  5837 | D:7      | Reached skill level 6 in Armour
  5877 | D:7      | 5877 ||| INVOKING Heroism.
  5909 | D:7      | Found Iblomn's Jewellery Shop.
  5917 | D:7      | 5917 ||| SHOPLISTING +4 ring of protection (432 gold, have
                  | 395).
  5917 | D:7      | 5917 ||| SHOPLISTING +5 ring of evasion (432 gold, have
                  | 395).
  5917 | D:7      | 5917 ||| SHOPLISTING +6 ring of strength (432 gold, have
                  | 395).
  5917 | D:7      | 5917 ||| SHOPLISTING ring "Plog" {rF+ Str+5} (510 gold,
                  | have 395).
  5917 | D:7      | 5917 ||| SHOPLISTING ring "Qakifatu" {Wiz rF+ rN+} (578
                  | gold, have 395).
  5917 | D:7      | 5917 ||| SHOPLISTING ring "Weadol" {rF+ rN+ Will+ Str+6
                  | Dex-3} (642 gold, have 395).
  5917 | D:7      | 5917 ||| BUYING ring of fire (300 gold).
  5917 | D:7      | Bought a ring of fire for 300 gold pieces
  5917 | D:7      | 5917 ||| SHOPLISTING ring of ice (300 gold, have 95).
  5917 | D:7      | 5917 ||| SHOPLISTING ring of positive energy (240 gold,
                  | have 95).
  5917 | D:7      | 5917 ||| SHOPLISTING ring of protection from cold (300
                  | gold, have 95).
  5917 | D:7      | 5917 ||| SHOPLISTING ring of protection from fire (300
                  | gold, have 95).
  6130 | D:7      | Noticed an oklob plant
  6131 | D:7      | 6131 ||| INVOKING Heroism.
  6139 | D:7      | Reached skill level 1 in Invocations
  6143 | D:7      | 6143 ||| INVOKING Heroism.
  6157 | D:7      | Killed an oklob plant
  6158 | D:7      | Reached skill level 3 in Invocations
  6314 | D:8      | 6314 ||| STAIRDANCE
  6316 | D:7      | 6316 ||| INVOKING Heroism.
  6415 | D:7      | 6415 ||| DROPPING +0 flail.
  6427 | D:8      | Identified the +9 quarterstaff of Arrival {elec, rElec
                  | Int+3}
  6434 | D:8      | Noticed Pikel
  6435 | D:8      | 6435 ||| INVOKING Heroism.
  6448 | D:8      | Killed Pikel
  6449 | D:8      | Reached skill level 10 in Axes
  6449 | D:8      | Reached XP level 10. HP: 60/63 MP: 11/13
  6609 | D:8      | Found a hazy altar of Hepliaklqana.
  6611 | D:8      | 6611 ||| INVOKING Heroism.
  6637 | D:8      | Noticed Maurice
  6638 | D:8      | 6638 ||| Stepping ~*~*~tactically~*~*~ (hiding).
  6642 | D:8      | 6642 ||| INVOKING Heroism.
  6650 | D:8      | Killed Maurice
  6824 | D:8      | Reached ** piety under Okawaru
  6927 | D:8      | 6927 ||| Stepping ~*~*~tactically~*~*~ (stealth).
  6986 | D:8      | Noticed Amaemon
  6987 | D:8      | 6987 ||| Stepping ~*~*~tactically~*~*~ (hiding).
  6989 | D:8      | 6989 ||| INVOKING Heroism.
  6990 | D:8      | Noticed an orange demon
  6998 | D:8      | Killed Amaemon
  7000 | D:8      | Killed an orange demon
  7146 | D:8      | 7146 ||| Stepping ~*~*~tactically~*~*~ (hiding).
  7152 | D:8      | 7152 ||| DRINKING 2 potions of curing.
  7152 | D:8      | 7152 ||| (to cure confusion)
  7236 | D:8      | 7236 ||| Stepping ~*~*~tactically~*~*~ (stealth).
  7238 | D:8      | 7238 ||| Stepping ~*~*~tactically~*~*~ (stealth).
  7239 | D:8      | 7239 ||| Stepping ~*~*~tactically~*~*~ (stealth).
  7241 | D:8      | 7241 ||| Stepping ~*~*~tactically~*~*~ (hiding).
  7243 | D:8      | 7243 ||| Stepping ~*~*~tactically~*~*~ (hiding).
  7887 | D:8      | 7887 ||| UPGRADING to +0 cloak.
  7892 | D:8      | 7892 ||| UPGRADING to +0 helmet of intelligence.
  8023 | D:9      | Reached *** piety under Okawaru
  8050 | D:9      | 8050 ||| Stepping ~*~*~tactically~*~*~ (hiding).
  8284 | D:9      | 8284 ||| Stepping ~*~*~tactically~*~*~ (hiding).
  8288 | D:9      | 8288 ||| INVOKING Heroism.
  8290 | D:9      | Reached skill level 11 in Axes
  8370 | D:9      | Noticed Prince Ribbit
  8384 | D:9      | Killed Prince Ribbit
  8385 | D:9      | Reached skill level 9 in Fighting
  8385 | D:9      | 8385 ||| FLEEEEING.
  8413 | D:9      | 8413 ||| Stepping ~*~*~tactically~*~*~ (hiding).
  8416 | D:9      | 8416 ||| Stepping ~*~*~tactically~*~*~ (hiding).
  8422 | D:9      | Reached XP level 11. HP: 71/71 MP: 14/14
  8751 | D:9      | 8751 ||| READING scroll labelled MACIRGH SASAR.
  8773 | D:10     | Entered Level 10 of the Dungeon
  8818 | D:10     | Noticed a two-headed ogre
  8819 | D:10     | 8819 ||| INVOKING Heroism.
  8824 | D:10     | 8824 ||| Stepping ~*~*~tactically~*~*~ (hiding).
  8825 | D:10     | 8825 ||| Stepping ~*~*~tactically~*~*~ (hiding).
  8831 | D:10     | Killed a two-headed ogre
  8840 | D:10     | 8840 ||| Stepping ~*~*~tactically~*~*~ (stealth).
  8856 | D:10     | Reached **** piety under Okawaru
  8933 | D:10     | 8933 ||| INVOKING Heroism.
  9106 | D:10     | Found a staircase to the Lair.
  9114 | D:10     | 9114 ||| Stepping ~*~*~tactically~*~*~ (hiding).
  9118 | D:10     | 9118 ||| INVOKING Heroism.
  9127 | D:10     | 9127 ||| Stepping ~*~*~tactically~*~*~ (cloud).
  9140 | D:10     | 9140 ||| Stepping ~*~*~tactically~*~*~ (hiding).
  9144 | D:10     | 9144 ||| INVOKING Heroism.
  9615 | D:10     | 9615 ||| PLANNING LAIR
  9615 | D:10     | 9615 ||| DRINKING 2 grey potions.
  9616 | D:10     | 9616 ||| READING 2 scrolls of identify.
  9616 | D:10     | 9616 ||| IDENTIFYING glowing blue potion
  9661 | Lair:1   | Entered Level 1 of the Lair of Beasts
  9662 | Lair:1   | 9662 ||| INVOKING Heroism.
  9841 | Lair:1   | 9841 ||| Stepping ~*~*~tactically~*~*~ (hiding).
  9842 | Lair:1   | 9842 ||| INVOKING Heroism.
  9847 | Lair:1   | Reached skill level 12 in Axes
  9931 | Lair:1   | 9931 ||| INVOKING Heroism.
  9961 | Lair:1   | 9961 ||| INVOKING Heroism.
 10154 | Lair:1   | 10154 ||| INVOKING Heroism.
 10194 | Lair:1   | 10194 ||| INVOKING Heroism.
 10198 | Lair:1   | Reached skill level 6 in Shields
 10228 | Lair:1   | 10228 ||| INVOKING Heroism.
 10235 | Lair:1   | Reached skill level 9 in Armour
 10295 | Lair:1   | 10295 ||| INVOKING Heroism.
 10325 | Lair:1   | Reached skill level 6 in Invocations
 10325 | Lair:1   | Received a gift from Okawaru
 10326 | Lair:1   | Reached XP level 12. HP: 31/76 MP: 16/16
 10596 | Lair:1   | 10596 ||| INVOKING Heroism.
 10598 | Lair:1   | 10598 ||| Stepping ~*~*~tactically~*~*~ (stealth).
 10612 | Lair:1   | 10612 ||| Stepping ~*~*~tactically~*~*~ (stealth).
 10614 | Lair:1   | 10614 ||| Stepping ~*~*~tactically~*~*~ (stealth).
 10911 | Lair:1   | 10911 ||| DRINKING 2 yellow potions.
 10912 | Lair:1   | 10912 ||| DROPPING potion of degeneration.
 10953 | Lair:2   | Found a frozen archway.
 10954 | Lair:2   | 10954 ||| INVOKING Heroism.
 11012 | Lair:2   | 11012 ||| FLEEEEING.
 11014 | Lair:2   | 11014 ||| STAIRDANCE
 11105 | Lair:2   | Identified the +0 plate armour of Lirgh {rF++ Will+ Dex+3
                  | Stlth-}
 11265 | Lair:2   | Found a hole to the Spider Nest.
 11474 | Lair:2   | 11474 ||| Stepping ~*~*~tactically~*~*~ (stealth).
 11484 | Lair:2   | 11484 ||| Stepping ~*~*~tactically~*~*~ (stealth).
 11521 | Lair:2   | 11521 ||| INVOKING Heroism.
 11534 | Lair:2   | HP: 18/77 [rime drake/icy flash freeze (22)]
 11535 | Lair:2   | 11535 ||| READING scroll of teleportation.
 11536 | Lair:2   | 11536 ||| DRINKING potion of heal wounds.
 11694 | Lair:2   | 11694 ||| Stepping ~*~*~tactically~*~*~ (stealth).
 11698 | Lair:2   | 11698 ||| Stepping ~*~*~tactically~*~*~ (stealth).
 11710 | Lair:2   | Noticed a skyshark
 11711 | Lair:2   | 11711 ||| INVOKING Heroism.
 11731 | Lair:2   | HP: 17/77 [komodo dragon (9)]
 11739 | Lair:2   | HP: 13/77 [elephant (6)]
 11744 | Lair:2   | HP: 7/77 [skyshark (7)]
 11748 | Lair:2   | HP: 3/77 [skyshark (4)]
 11750 | Lair:2   | Slain by a skyshark

Levels and vault maps discovered:
D:1:      kennysheep_arrival_seaside, layout_rooms, basic_ecumenical_altar,
          minmay_tall_x
D:2:      layout_basic
D:3:      layout_basic, ebering_ghost_gozag, grunt_decor_fettered,
          chequers_arboretum
D:4:      layout_basic, minmay_temple_entry_waves, small_statue_intersection,
          minmay_misc_feat_plants, uniq_grinder, uniq_sigmund
D:5:      layout_gridville
D:6:      layout_layer_cave, grunt_temple_overflow_open, gup_sewer_entry_spiral,
          minmay_misc_feat_more_columns, uniq_blork_the_orc,
          uniq_crazy_yiuf_cottage
D:7:      lemuel_slime, layout_basic, serial_shops,
          nicolae_shop_getting_attention, uniq_joseph
D:8:      layout_layer_cave, nicolae_hepliaklqana_hazy_memory, uniq_maurice,
          uniq_amaemon, uniq_pikel
D:9:      layout_cave_pools, uniq_prince_ribbit1
D:10:     layout_gridville, lair_entry_dummy
Temple:   eino_wide_crystal_templ
Lair:1:   layout_cave_pods, serial_bayou_shore_b, lemuel_fruit_tree
Lair:2:   beargit_carnivore_pack, layout_cave_pods, nicolae_swamp_entry_spooky,
          dummy_spider_entry, portal_ice_cave_entry_imps,
          eino_small_chamber_without_monster

Skill      XL: |  1  2  3  4  5  6  7  8  9 10 11 12 |
---------------+-------------------------------------+-----
Axes           | 2 3 4 5 6 7 8 10 11 12 | 12.6
Throwing       | 1 |  1.8
Fighting       | 5 6 7 9 10 | 10.0
Dodging        | 1 2 |  2.2
Armour         | 4 6 7 9 |  9.0
Shields        | 4 5 6 |  6.3
Invocations    | 4 6 7 |  7.6

Action                     |  1- 3 |  4- 6 |  7- 9 | 10-12 || total
---------------------------+-------+-------+-------+-------++-------
  Melee: War axe           |   100 |    71 |   183 |   362 ||   716
  Throw: Javelin           |    22 |    44 |    12 |    11 ||    89
         Boomerang         |       |    21 |    62 |    73 ||   156
 Invoke: Heroism           |       |       |     5 |    20 ||    25
    Use: Scroll            |     4 |     6 |     9 |     3 ||    22
         Potion            |     2 |       |     1 |     4 ||     7
   Stab: Distracted        |       |       |     4 |     3 ||     7
 Armour: Scale mail        |    53 |    14 |       |       ||    67
         Chain mail        |       |    16 |    65 |       ||    81
         Plate armour      |       |       |    24 |   169 ||   193
  Dodge: Dodged            |    48 |    16 |    46 |    80 ||   190
  Block: Buckler           |    23 |    17 |    41 |   114 ||   195
         Reflection        |       |       |     3 |     4 ||     7

Table legend:
 A = Non-vault XP
 B = Vault XP
 C = Vault XP percentage of total XP
 D = Non-vault monster count
 E = Vault monster count
 F = Vault count percentage of total count
                 A         B        C        D         E       F
            +---------+---------+-------+---------+---------+-------
      Total |   19760 |    4484 |  18.5 |     256 |      48 |  15.8
            +---------+---------+-------+---------+---------+-------
        D:1 |      37 |      10 |  21.3 |      23 |       4 |  14.8
        D:2 |      72 |       0 |   0.0 |      25 |       0 |   0.0
        D:3 |     126 |       0 |   0.0 |      18 |       0 |   0.0
        D:4 |     214 |     480 |  69.2 |      15 |       2 |  11.8
        D:5 |     368 |       0 |   0.0 |      11 |       0 |   0.0
        D:6 |     909 |     138 |  13.2 |      29 |       8 |  21.6
        D:7 |     609 |    1211 |  66.5 |      14 |      17 |  54.8
        D:8 |    1388 |    2238 |  61.7 |      30 |       4 |  11.8
        D:9 |    1216 |     283 |  18.9 |      21 |       1 |   4.5
       D:10 |    3030 |       0 |   0.0 |      22 |       0 |   0.0
     Lair:1 |    6884 |       0 |   0.0 |      24 |       0 |   0.0
     Lair:2 |    4907 |     124 |   2.5 |      24 |      12 |  33.3
            +---------+---------+-------+---------+---------+-------
